 Dungeon Crawl Stone Soup version 0.21-a0-229-g3587535 (webtiles) character file.

9 Anemos the Sneak (level 2, 0/13 HPs)
             Began as a Spriggan Enchanter on Sept 1, 2017.
             Slain by a jackal (3 damage)
             ... on level 1 of the Dungeon.
             The game lasted 00:02:06 (790 turns).

Anemos the Sneak (Spriggan Enchanter)                Turns: 790, Time: 00:02:06

Health: 0/13       AC:  2    Str:  4    XL:     2   Next: 6%
Magic:  5/7        EV: 18    Int: 16    God:
Gold:   33         SH:  0    Dex: 16    Spells: 6/7 levels left

rFire    . . .     SeeInvis +   a - +1 dagger
rCold    . . .     Gourm    .   (shield restricted)
rNeg     . . .     Faith    .   b - +0 robe
rPois    .         Spirit   .   (helmet restricted)
rElec    .         Reflect  .   (no cloak)
rCorr    .         Harm     .   (gloves unavailable)
MR       .....                  (boots unavailable)
Stlth    +++.......             (no amulet)
HPRegen  0.04/turn              (no ring)
MPRegen  0.10/turn              (no ring)

@: very quick
A: unfitting armour, see invisible, herbivore 3, speed 3, slow metabolism 2
a: no special abilities


You were on level 1 of the Dungeon.
You were not hungry.

You visited 1 branch of the dungeon, and saw 1 of its levels.

You collected 33 gold pieces.

Inventory:

Hand Weapons
 a - a +1 dagger (weapon)
Armour
 b - a +0 robe (worn)
Scrolls
 f - a scroll of teleportation {unknown}
 g - a scroll of amnesia {unknown}
Potions
 e - a potion of cancellation {unknown}
 h - a potion of flight {unknown}
Books
 c - a book of Maledictions

   Spells                             Type                      Level
   a - Corona                         Hexes                        1
   b - Ensorcelled Hibernation        Hexes/Ice                    2
   c - Confuse                        Hexes                        3
   d - Tukima's Dance                 Hexes                        3
   e - Dazzling Spray                 Conjuration/Hexes            3
Comestibles
 d - a bread ration
 i - a royal jelly


   Skills:
 - Level 1.1 Short Blades
 - Level 3.0 Dodging
 - Level 4.4 Stealth
 + Level 3.2 Spellcasting
 + Level 3.9 Hexes


You had 6 spell levels left.
You knew the following spells:

 Your Spells              Type           Power        Failure   Level  Hunger
a - Corona                Hex            ###....      3%          1    None


Dungeon Overview and Level Annotations

Branches:
Dungeon (1/15)

Altars:


Innate Abilities, Weirdness & Mutations

You are very small and have problems with some larger weapons.
You are too small for most types of armour.
You have supernaturally acute eyesight. (SInv)
You are a herbivore.
You cover ground extremely quickly.
You need consume almost no food.


Message History

You barely miss the jackal. The jackal misses you.
You barely miss the jackal. The jackal completely misses you.
The jackal closely misses you.
You completely miss the jackal. The jackal completely misses you.
You hit the jackal but do no damage. The jackal bites you.
You hit the jackal.
The jackal is moderately wounded.
The jackal bites you but does no damage.
The jackal misses you.
You hit the jackal.
The jackal is heavily wounded.
The jackal misses you.
You hit the jackal.
The jackal is severely wounded.
The jackal misses you. The jackal bites you.
* * * LOW HITPOINT WARNING * * *
You hit the jackal but do no damage.
The jackal is severely wounded.
The jackal bites you.
You die...

############## .............#
############.# # #.# # #.# ### #
#.# .... ###### #.# .....
....[#######.#############....K.
.)..............@h.......'.>....
####.#######.##.#######.##......
#.## #.##.#.....#.# ..... #..#
#.##.#.###.#.# .$.. ##.##
#.##.#.#.#.#.# ...
#####..#####.##.#...#.#.# ##
.............##.#.#.#.#.#
######..####.##[#####.#.#
.#####...†............#.#


You could see a jackal.

Vanquished Creatures
  A goblin (D:1)
  3 hobgoblins (D:1)
  A jackal (D:1)
  A ball python (D:1)
  A bat (D:1)
  2 rats (D:1)
9 creatures vanquished.

Notes
Turn   | Place    | Note
-------+----------+-------------------------------------------
     0 | D:1      | Anemos the Spriggan Enchanter began the quest for the Orb.
     0 | D:1      | Reached XP level 1. HP: 9/9 MP: 5/5
   776 | D:1      | Reached XP level 2. HP: 13/13 MP: 5/7
   790 | D:1      | Slain by a jackal

Vault maps used:
D:1:      shiori_shiawase

Skill      XL: |  1 |
---------------+----+-----
Spellcasting   | 3 |  3.2
Short Blades   | |  1.1
Dodging        | |  3.0
Stealth        | |  4.4
Hexes          | |  3.9

Action                   || total
-------------------------++-------
Melee: Dagger            ||    43
 Cast: Corona            ||     6
 Stab: Sleeping          ||     3
Armor: Robe              ||     8
Dodge: Dodged            ||    35

Table legend:
 A = Spawn XP
 B = Non-spawn XP
 C = Spawn XP percentage of total XP
 D = Spawn monster count
 E = Non-spawn monster count
 F = Spawn count percentage of total count
 G = Total turns spent on level
                    A         B        C        D         E        F      G
               +---------+---------+-------+---------+---------+-------+---------
         Total |       5 |       9 |  35.7 |       3 |       6 |  33.3 |   790
               +---------+---------+-------+---------+---------+-------+---------
           D:1 |       5 |       9 |  35.7 |       3 |       6 |  33.3 |   790
               +---------+---------+-------+---------+---------+-------+---------
